 Dungeon Crawl Stone Soup version 0.30.1-4-g462c640d31 (webtiles) character file.

Game seed: 18028554511744933781

1373 Janerl the Covert (level 8, 0/42 (48) HPs)
             Began as a Kobold Berserker on Aug 21, 2023.
             Was an Elder of Trog.
             Slain by a wight
             ... wielding a +3 long sword
              (1 damage)
             ... on level 6 of the Dungeon.
             The game lasted 00:22:43 (4865 turns).

Janerl the Covert (Kobold Berserker)                Turns: 4865, Time: 00:22:44

HP:   0/42 (48)     AC:  5    Str: 19    XL:     8   Next: 98%
MP:   8/8           EV: 15    Int:  7    God:    Trog [****..]
Gold: 301           SH:  0    Dex: 15    Spells: 7/7 levels left

rFire   . . .        h - +0 dagger (holy)
rCold   . . .        (no shield)
rNeg    . . .        c - +0 leather armour
rPois   .            (no helmet)
rElec   .            y - +0 cloak {Stlth+}
rCorr   .            j - +0 pair of gloves
SInv    .            (no boots)
Will    .....        (no amulet)
Stlth   ++++++       (no ring)
HPRegen 0.27/turn    (no ring)
MPRegen 0.11/turn

%: no passive effects
@: heavily drained, unable to drink
A: small, no large weapons, nightstalker 3, strong 1, wild magic 1, inability to
drink after injury 1
a: Renounce Religion, Berserk, Trog's Hand, Brothers in Arms


You were on level 6 of the Dungeon.
You worshipped Trog.
Trog was greatly pleased with you.
You visited 1 branch of the dungeon, and saw 6 of its levels.

You collected 301 gold pieces.

Inventory:

Hand Weapons
 a - a +0 short sword
 e - a +0 sling
 h - a +0 dagger of holy wrath (weapon)
 k - a +3 dagger of venom
 n - a +4 quarterstaff of chaos
 p - the +8 war axe "Meic" {venom, *Noise Str+7 Dex+5}
   (You took it off an orc on level 3 of the Dungeon)

   Str:       It affects your strength (+7).
   Dex:       It affects your dexterity (+5).
   *Noise:    It may make noises in combat.
Missiles
 v - a throwing net (quivered)
 x - 3 curare-tipped darts
Armour
 b - a +0 animal skin
 c - a +0 leather armour (worn)
 j - a +0 pair of gloves (worn)
 y - a +0 cloak of stealth (worn)
Magical Staves
 u - a staff of earth
Wands
 C - a wand of quicksilver (6)
 F - a wand of flame (15)
Scrolls
 d - 4 scrolls of identify
 f - 2 scrolls of brand weapon {unknown}
 g - a scroll of magic mapping {unknown}
 l - 3 scrolls of enchant weapon
 m - 2 scrolls of teleportation {unknown}
 q - 3 scrolls of amnesia {unknown}
 r - a scroll of poison {unknown}
 z - a scroll of acquirement {unknown}
 A - a scroll of noise {unknown}
 B - a scroll of blinking {unknown}
 D - a scroll of torment {unknown}
 E - a scroll of fog {unknown}
Potions
 i - a potion of ambrosia {unknown}
 o - a potion of curing
 s - a potion of brilliance {unknown}
 t - a potion of heal wounds {unknown}
 w - 2 potions of degeneration {unknown}


   Skills:
 + Level 4.8 Fighting
 + Level 7.4 Short Blades
 + Level 2.5 Staves
 + Level 3.1 Armour
 + Level 4.2 Dodging
 + Level 9.2 Stealth


You had 7 spell levels left.
You didn't know any spells.
Your spell library was empty.

Dungeon Overview and Level Annotations

Branches:
Dungeon (6/15)             Temple (0/1) D:5

Altars:
Wu Jian


Innate Abilities, Weirdness & Mutations

You are small and have problems with some larger weapons.
You are completely attuned to the shadows.
Your muscles are strong. (Str +4, Int/Dex -1)
Your spells are a little harder to cast, but a little more powerful.
You occasionally lose the ability to drink potions when taking damage.


Message History

The wight is moderately damaged.
You hit the wight but do no damage.
The wight is moderately damaged.
The wight closely misses you.
You hit the wight.
The wight is moderately damaged.
Your +3 dagger of venom stops dripping with poison.
Your +0 dagger of holy wrath softly glows with a divine radiance!
h - a +0 dagger of holy wrath (weapon)
The wight hits you with a +3 long sword!
You feel drained.
You hit the wight but do no damage.
The wight is moderately damaged.
You closely miss the wight.
The wight is moderately damaged.
The wight hits you with a +3 long sword!
You hit the wight but do no damage.
The wight is moderately damaged.
The wight barely misses you.
You barely miss the wight.
The wight is moderately damaged.
You hit the wight.
The wight convulses.
The wight is almost destroyed.
The wight misses you.
You barely miss the wight.
The wight is almost destroyed.
The wight closely misses you.
You hit the wight but do no damage.
The wight is almost destroyed.
You hit the wight but do no damage.
The wight is almost destroyed.
The wight hits you with a +3 long sword!
You feel threatened and lose the ability to drink potions!
* * * LOW HITPOINT WARNING * * *
You cannot drink potions in your current state!
The wight attacks as you move away!
The wight hits you with a +3 long sword.
* * * LOW HITPOINT WARNING * * *
You feel drained.
You die...

##### .#.# ..# #.#
#z# #z# #@# ########
###.#### #.......
>........# #.#####.
..####.#.# #.# #.
.......#'### #.# #.
#.........# #.# #.
#.........####.# #.
+......<..'....# #.
#.........##########.


You could see 2 wights.

Vanquished Creatures
  Sigmund (D:2)
  A water moccasin (D:5)
  An ogre (D:5)
  A centaur (D:5)
  4 scorpions
  A wight (D:6)
  A howler monkey (D:5)
  A jelly (D:5)
  3 hounds (D:4)
  An orc priest (D:3)
  Crazy Yiuf (D:2)
  2 sleepcaps (D:5)
  Terence (D:3)
  Natasha (D:2)
  3 orc wizards
  Robin (D:3)
  5 gnolls
  11 adders
  A white imp (D:5)
  2 worms
  2 dart slugs
  17 orcs
  3 ball pythons
  6 bats
  3 endoplasms
  14 goblins
  7 hobgoblins
  7 jackals
  3 kobolds
  3 quokkas
  3 frilled lizards
  7 rats
118 creatures vanquished.

Vanquished Creatures (collateral kills)
  A ball python (D:2)
1 creature vanquished.

Vanquished Creatures (others)
  A bat zombie (D:2)
1 creature vanquished.

Grand Total: 120 creatures vanquished

Notes
Turn   | Place    | Note
-------+----------+-------------------------------------------
     0 | D:1      | Janerl the Kobold Berserker began the quest for the Orb.
     0 | D:1      | Reached XP level 1. HP: 14/14 MP: 1/1
   184 | D:1      | Reached XP level 2. HP: 19/19 MP: 2/2
   492 | D:1      | Found a faded altar of an unknown god.
   521 | D:1      | Reached XP level 3. HP: 19/23 MP: 3/3
  1049 | D:2      | Reached skill level 1 in Stealth
  1271 | D:2      | Reached skill level 5 in Short Blades
  1308 | D:2      | Found a runed translucent door.
  1311 | D:2      | Noticed Crazy Yiuf
  1318 | D:2      | Killed Crazy Yiuf
  1319 | D:2      | Reached skill level 2 in Stealth
  1319 | D:2      | Reached XP level 4. HP: 29/29 MP: 4/4
  1355 | D:2      | Noticed Sigmund
  1382 | D:2      | Killed Sigmund
  1383 | D:2      | Reached skill level 3 in Stealth
  1383 | D:2      | Reached XP level 5. HP: 13/33 MP: 5/5
  1383 | D:2      | Reached XP level 6. HP: 15/38 MP: 6/6
  1478 | D:2      | Reached ** piety under Trog
  1533 | D:2      | Noticed Natasha
  1539 | D:2      | Killed Natasha
  1754 | D:2      | Reached skill level 1 in Staves
  1951 | D:3      | Noticed Robin
  1954 | D:3      | Reached skill level 4 in Stealth
  1967 | D:3      | Killed Robin
  2368 | D:3      | Identified the +8 war axe "Meic" {venom, *Noise Str+7
                  | Dex+5}
  2390 | D:3      | Reached XP level 7. HP: 18/43 MP: 7/7
  2640 | D:3      | Noticed Terence
  2644 | D:3      | Killed Terence
  3335 | D:4      | Reached skill level 5 in Stealth
  3418 | D:4      | Reached *** piety under Trog
  3827 | D:4      | Reached skill level 6 in Stealth
  3903 | D:4      | Found an ornate altar of the Wu Jian Council.
  3927 | D:5      | Entered Level 5 of the Dungeon
  3934 | D:5      | Gained mutation: You are occasionally teleported next to
                  | monsters. [potion of mutation]
  3934 | D:5      | Gained mutation: Your system is resistant to poisons.
                  | (rPois) [potion of mutation]
  3935 | D:5      | Lost mutation: Your system is resistant to poisons. (rPois)
                  | [potion of mutation]
  3935 | D:5      | Lost mutation: You are occasionally teleported next to
                  | monsters. [potion of mutation]
  3935 | D:5      | Gained mutation: You occasionally lose the ability to drink
                  | potions when taking damage. [potion of mutation]
  3935 | D:5      | Gained mutation: Your muscles are strong. (Str +4, Int/Dex
                  | -1) [potion of mutation]
  3935 | D:5      | Gained mutation: Your spells are a little harder to cast,
                  | but a little more powerful. [potion of mutation]
  3950 | D:5      | Reached XP level 8. HP: 48/48 MP: 8/8
  3967 | D:5      | Reached skill level 7 in Stealth
  4067 | D:5      | Found a staircase to the Ecumenical Temple.
  4207 | D:5      | Reached skill level 8 in Stealth
  4532 | D:5      | Reached skill level 9 in Stealth
  4841 | D:6      | Reached **** piety under Trog
  4865 | D:6      | HP: 1/44 [wight/+3 long sword (6)]
  4865 | D:6      | Slain by a wight

Illustrated notes

Levels and vault maps discovered:
D:1:      zelgadis_glass_arrival_small, layout_basic,
          hellmonk_ecumenical_altar_dog_temple, minivault_19
D:2:      layout_basic, chequers_decorated_corner, serial_bayou_crossing,
          uniq_natasha, uniq_crazy_yiuf_cottage, uniq_sigmund
D:3:      layout_basic, uniq_robin, uniq_terence
D:4:      layout_loops_ring, kennysheep_little_box
D:5:      layout_gridville, minmay_temple_entry_water_ring
D:6:      layout_basic, kennysheep_mini, kennysheep_generic_room_9

Skill      XL: |  1  2  3  4  5  6  7  8 |
---------------+-------------------------+-----
Stealth        | 2 3 4 6 9 |  9.2
Short Blades   | 5 6 7 |  7.4
Armour         | 2 3 |  3.1
Dodging        | 3 4 |  4.2
Fighting       | 4 |  4.8
Staves         | 1 2 |  2.5

Action                     |  1- 3 |  4- 6 |  7- 9 || total
---------------------------+-------+-------+-------++-------
  Melee: Short sword       |    83 |       |       ||    83
         Quarterstaff      |       |    53 |       ||    53
         Dagger            |       |    27 |   179 ||   206
         Punch             |       |       |     1 ||     1
 Invoke: Berserk           |     1 |       |       ||     1
    Use: Potion            |       |     2 |     2 ||     4
         Scroll            |       |       |     2 ||     2
   Stab: Sleeping          |     8 |     6 |    27 ||    41
         Distracted        |       |       |     1 ||     1
 Armour: Leather armour    |    23 |    24 |    21 ||    68
  Dodge: Dodged            |    74 |    61 |    77 ||   212
